 Dungeon Crawl Stone Soup version 0.19-a0-1155-gb6eeeff (webtiles) character file.

2068 HaroldButt the Carver (level 9, -5/64 HPs)
             Began as a Formicid Fighter on Aug 13, 2016.
             Killed from afar by a steam dragon (21 damage)
             ... with a ball of steam
             ... on level 6 of the Dungeon.
             The game lasted 00:15:38 (5272 turns).

HaroldButt the Carver (Formicid Fighter)            Turns: 5272, Time: 00:15:39

Health: -5/64      AC: 12    Str: 22    XL:     9   Next: 50%
Magic:  9/9        EV:  7    Int:  8    God:
Gold:   167        SH: 12    Dex: 15    Spells: 0 memorised, 8 levels left

rFire  . . .     SeeInvis +     a - +1 long sword
rCold  . . .     Gourm    .     p - +0 chain mail
rNeg   . . .     Faith    .     c - +0 shield
rPois  .         Spirit   .     (helmet unavailable)
rElec  .         Dismiss  .     m - +1 cloak
rCorr  .         Reflect  .     (no gloves)
MR     .....     Harm     .     s - +0 pair of boots (curse)
Stlth  ..........               (no amulet)
                                j - ring of flight
                                e - +3 ring of dexterity

@: no status effects
A: permanent stasis, dig shafts and tunnels, four strong arms, antennae 3
a: Dig, Shaft Self, Evoke Flight


You were on level 6 of the Dungeon.
You were not hungry.

You visited 1 branch of the dungeon, and saw 6 of its levels.

You collected 167 gold pieces.


Innate Abilities, Weirdness & Mutations

You are under a permanent stasis effect.
You can dig through walls and to a lower floor.
Your four strong arms can wield two-handed weapons with a shield.
You have a pair of large antennae on your head. (SInv)


   Skills:
 - Level 3.2 Fighting
 - Level 10.1 Long Blades
 - Level 3.2 Armour
 + Level 8.6 Shields


You had 8 spell levels left.
You didn't know any spells.

Inventory:

Hand Weapons
 a - a +1 long sword (weapon)
Armour
 c - a +0 shield (worn)
 m - a +1 cloak (worn)
 p - a +0 chain mail (worn)
 s - a cursed +0 pair of boots (worn)
Jewellery
 e - a +3 ring of dexterity (left hand)
 j - a ring of flight (right hand)
 o - an uncursed amulet of magic regeneration
Wands
 y - a wand of polymorph (9/24)
Scrolls
 b - a scroll of remove curse
 u - a scroll of enchant weapon
 v - a scroll of fear {unknown}
Potions
 d - 3 potions of might
 h - a potion of degeneration {unknown}
 i - 2 potions of brilliance {unknown}
 l - 2 potions of magic
 n - 2 potions of lignification {!q}
 q - 4 potions of flight
 t - a potion of mutation {unknown}
 w - a potion of resistance {unknown}
Books
 r - a book of Party Tricks

   Spells                             Type                      Level
   a - Summon Butterflies             Summoning                    1
   b - Apportation                    Translocation                1
   c - Tukima's Dance                 Hexes                        3
   d - Alistair's Intoxication        Transmutation/Poison         5
   e - Invisibility                   Hexes                        6
Comestibles
 f - 5 bread rations
 g - 2 slices of pizza
 k - 2 meat rations
 x - 4 chunks of flesh

Dungeon Overview and Level Annotations

Branches:
Dungeon (6/15)             Temple (0/1) D:6

Altars:
Dithmenos
Elyvilon
Hepliaklqana
Trog

Shops:
D:5

= ▒▒▒▒▒.▒▒▒▒▒▒
▒▒...........
▒▒▒▒)..▒▒...▒▒
▒..))▒.......▒
▒.▒▒...▒▒▒▒.#▒
▒ ▒.▒▒▒.▒▒
▒?#▒▒>▒▒
▒▒▒▒▒.▒▒▒.▒▒
▒#.#...▒
.......>....▒
▒▒D▒.....▒
▒▒▒▒▒.▒▒▒.▒.▒
▒a▒.....▒ ▒.▒
▒.▒.▒ ▒.▒
..... ▒.▒ .▒ ▒
▒.▒ ..... ▒.▒
£.. ...▒ ▒.▒
... ..▒▒ ▒.▒
▒▒.▒▒ .▒ ▒.▒
..▒


You could see a steam dragon.


Message History

The steam dragon claws you.
You completely miss the steam dragon.
The steam dragon is lightly wounded.
You block the steam dragon's attack. The steam dragon barely misses you.
You barely miss the steam dragon.
The steam dragon is lightly wounded.
You slash the steam dragon!
The steam dragon is heavily wounded.
The steam dragon bites you but does no damage.
You block the steam dragon's attack.
You hit the steam dragon but do no damage.
The steam dragon is heavily wounded.
You block the steam dragon's attack. The steam dragon claws you.
You barely miss the steam dragon.
The steam dragon is heavily wounded.
The steam dragon breathes steam at you. The ball of steam hits you!
* * * LOW HITPOINT WARNING * * *
You are engulfed in a cloud of scalding steam.
* * * LOW HITPOINT WARNING * * *
The steam dragon breathes steam at you. The ball of steam hits you!
* * * LOW HITPOINT WARNING * * *
You slash the steam dragon!
The steam dragon is almost dead.
The steam dragon breathes steam at you. The ball of steam hits you!
You die...

Action                   |  1- 3 |  4- 6 |  7- 9 || total
-------------------------+-------+-------+-------++-------
Melee: Long sword        |   148 |   174 |   376 ||   698
 Abil: Dig               |       |     1 |     6 ||     7
  Use: Scroll            |       |     5 |     7 ||    12
  Eat: Chunk             |     1 |     4 |    11 ||    16
Armor: Scale mail        |    87 |    57 |    46 ||   190
       Chain mail        |       |       |    27 ||    27
Dodge: Dodged            |    50 |    27 |    79 ||   156
Block: Shield            |    85 |    74 |   123 ||   282

Vault maps used:
D:1:      lemuel_arrival_broad_hall, hex_intersection
D:2:      first_bread, uniq_crazy_yiuf_cottage, uniq_jessica
D:3:      nicolae_overflow_crystal_walls, lemuel_doored_altar,
          trog_eyes_of_draining
D:4:      uniq_blork_the_orc
D:5:      serial_shops, nicolae_shop_statue_plus, elyvilon_altar_3, uniq_sigmund
D:6:      kennysheep_mini_moat

Notes
Turn   | Place    | Note
-------+----------+-------------------------------------------
     0 | D:1      | HaroldButt the Formicid Fighter began the quest for the Orb.
     0 | D:1      | Reached XP level 1. HP: 18/18 MP: 1/1
    79 | D:1      | Reached XP level 2. HP: 15/24 MP: 2/2
   204 | D:1      | Reached skill level 3 in Long Blades
   344 | D:1      | Reached XP level 3. HP: 27/29 MP: 3/3
  1132 | D:2      | Noticed Jessica
  1143 | D:2      | Killed Jessica
  1143 | D:2      | Reached skill level 4 in Long Blades
  1143 | D:2      | Reached XP level 4. HP: 35/35 MP: 4/4
  1198 | D:2      | Found a runed door.
  1615 | D:2      | Noticed Crazy Yiuf
  1626 | D:2      | Killed Crazy Yiuf
  1626 | D:2      | Reached XP level 5. HP: 6/41 MP: 5/5
  1903 | D:3      | Found a hazy altar of Hepliaklqana.
  1920 | D:3      | Noticed Duffy's ghost (amateur SpEn)
  1988 | D:3      | Killed Duffy's ghost
  1988 | D:3      | Reached skill level 5 in Long Blades
  2074 | D:3      | Noticed an ogre
  2092 | D:3      | Killed an ogre
  2092 | D:3      | Reached skill level 6 in Long Blades
  2092 | D:3      | Reached XP level 6. HP: 44/47 MP: 6/6
  2246 | D:3      | Found a bloodstained altar of Trog.
  2246 | D:3      | Noticed an eye of draining
  2246 | D:3      | Noticed an eye of draining
  2265 | D:3      | Killed an eye of draining
  2280 | D:3      | Killed an eye of draining
  2280 | D:3      | Reached skill level 7 in Long Blades
  2280 | D:3      | Reached XP level 7. HP: 52/52 MP: 0/7
  2385 | D:3      | Found a shadowy altar of Dithmenos.
  2405 | D:3      | Reached skill level 8 in Long Blades
  2805 | D:4      | Reached XP level 8. HP: 36/58 MP: 8/8
  2814 | D:4      | Noticed Blork the orc
  2832 | D:4      | Killed Blork the orc
  2939 | D:4      | Reached skill level 9 in Long Blades
  2961 | D:4      | HP: 5/58 [poisoned by a scorpion]
  2967 | D:4      | HP: 4/58 [poisoned by a scorpion]
  2975 | D:4      | HP: 4/58 [poisoned by a scorpion]
  3859 | D:4      | Reached skill level 10 in Long Blades
  3988 | D:4      | Reached skill level 4 in Shields
  4145 | D:5      | Entered Level 5 of the Dungeon
  4181 | D:5      | Noticed Sigmund
  4182 | D:5      | Reached skill level 5 in Shields
  4182 | D:5      | Reached XP level 9. HP: 56/64 MP: 9/9
  4204 | D:5      | Killed Sigmund
  4204 | D:5      | Reached skill level 6 in Shields
  4615 | D:5      | Found a white marble altar of Elyvilon.
  4706 | D:5      | Found Lezuan's Jewellery Shop.
  4712 | D:5      | Reached skill level 7 in Shields
  5013 | D:6      | Reached skill level 8 in Shields
  5258 | D:6      | Found a staircase to the Ecumenical Temple.
  5272 | D:6      | Killed from afar by a steam dragon

Vanquished Creatures
  Sigmund (D:5)
  2 ice beasts
  2 phantoms
  2 eyes of draining (D:3)
  2 ogres
  3 centaurs
  Blork the orc (D:4)
  The ghost of Duffy the Sneak, an amateur SpEn (D:3)
  3 giant frogs
  3 scorpions (D:4)
  2 crimson imps
  Crazy Yiuf (D:2)
  An orc priest (D:4)
  A giant frog skeleton (D:4)
  2 orc wizards
  Jessica (D:2)
  An iguana (D:4)
  2 worker ants (D:4)
  3 adders
  7 gnolls
  A howler monkey skeleton (D:4)
  2 adder skeletons
  2 worms
  A dart slug (D:1)
  4 giant geckos
  11 orcs
  2 ball pythons
  19 bats
  4 giant cockroaches
  10 goblins
  5 hobgoblins
  8 jackals
  5 kobolds
  5 quokkas
  A giant newt (D:1)
  A jackal skeleton (D:3)
  5 rats
127 creatures vanquished.
